EVO
RICE UNIVERSITY OWLS @ UNIVERSITY OF NORTH CAROLINA AT CHAPEL HILL TAR HEELS
07/19/2048
 
TOP OF THE 1ST
Rice University Owls batting - Pitching for University of North Carolina at Chapel Hill Tar Heels : RHP Steven Kennett
Pitching: RHP Steven Kennett
Batting: RHB Caleb Mercer 0-0: Fly out, F8 (Flyball, 8LD, EV 110.0 MPH)
Batting: RHB Javier Quinones 0-0: Ball
1-0: Ball
2-0: Foul Ball, location: 2F
2-1: Foul Ball, location: 2F
2-2: Foul Ball, location: 2F
2-2: Strikes out looking
Batting: SHB Ken Wilson 0-0: Foul Ball, location: 2F
0-1: Foul Ball, location: 2F
0-2: Ball
1-2: Foul Ball, location: 2F
1-2: Foul Ball, location: 2F
1-2: SINGLE (Line Drive, 56D, EV 102.5 MPH)
Batting: LHB Sergio Becerra 0-0: Foul Ball, location: 2F
0-1: Called Strike
0-2: Strikes out swinging
Top of the 1st over - 0 runs, 1 hit, 0 errors, 1 left on base; Rice University 0 - University of North Carolina at Chapel Hill 0
BOTTOM OF THE 1ST
University of North Carolina at Chapel Hill Tar Heels batting - Pitching for Rice University Owls : LHP Lucila Renteria
Pitching: LHP Lucila Renteria
Batting: SHB Ryan Marsh 0-0: Called Strike
0-1: Ball
1-1: Ball
2-1: Foul Ball, location: 2F
2-2: Foul Ball, location: 2F
2-2: Strikes out looking
Batting: RHB Bill Atley 0-0: Called Strike
0-1: Fly out, F8 (Line Drive, 8LD, EV 88.1 MPH)
Batting: RHB Michael Houseman 0-0: Ball
1-0: Ball
2-0: Ground out U3 (Groundball, 3, EV 103.8 MPH)
Bottom of the 1st over - 0 runs, 0 hits, 0 errors, 0 left on base; Rice University 0 - University of North Carolina at Chapel Hill 0
TOP OF THE 2ND
Rice University Owls batting - Pitching for University of North Carolina at Chapel Hill Tar Heels : RHP Steven Kennett
Batting: SHB Dave Van Sickle 0-0: Ball
1-0: Foul Ball, location: 2F
1-1: Ball
2-1: Ground out U3 (Groundball, 3L, EV 109.4 MPH)
Batting: RHB Neil Worth 0-0: Ball
1-0: Swinging Strike
1-1: Ball
2-1: Ball
3-1: Swinging Strike
3-2: Fly out, F2 (Popup, 3SF, EV 78.8 MPH)
Batting: RHB Alex Alvarez 0-0: Ball
1-0: SOLO HOME RUN (Flyball, 7LD, EV 97.5 MPH), Distance : 365 ft
Batting: LHB Aldred Lieshout 0-0: Called Strike
0-1: SINGLE (Flyball, 89S, EV 85.6 MPH)
Pitching: RHP Ted Hurley
Batting: RHB Emanuel Pulido 0-0: Ball
1-0: Ball
2-0: Called Strike
2-1: Foul Ball, location: 2F
2-2: Foul Ball, location: 2F
2-2: Foul Ball, location: 2F
2-2: Strikes out looking
Top of the 2nd over - 1 run, 2 hits, 0 errors, 1 left on base; Rice University 1 - University of North Carolina at Chapel Hill 0
BOTTOM OF THE 2ND
University of North Carolina at Chapel Hill Tar Heels batting - Pitching for Rice University Owls : LHP Lucila Renteria
Batting: RHB Jeremy Rollins 0-0: Swinging Strike
0-1: Foul Ball, location: 2F
0-2: Ball
1-2: SINGLE (Groundball, 6MD, EV 106.2 MPH)
Batting: SHB Jonathan Barrie 0-0: DOUBLE (Line Drive, 7LS, EV 89.4 MPH)
Jeremy Rollins to third
Runner from 3rd tries for Home, SAFE, throw by LF to home
Batting: SHB Jim Saxon 0-0: Ball
1-0: Foul Ball, location: 2F
1-1: Swinging Strike
1-2: Foul Ball, location: 2F
1-2: Ball
2-2: Strikes out swinging
Batting: RHB Tony Jennings 0-0: Foul Ball, location: 2F
0-1: Foul Ball, location: 2F
0-2: Ball
1-2: Strikes out swinging
Batting: LHB Juan Alvarado 0-0: Foul Ball, location: 2F
0-1: Fly out, F8 (Line Drive, 78M, EV 91.9 MPH)
Bottom of the 2nd over - 1 run, 2 hits, 0 errors, 1 left on base; Rice University 1 - University of North Carolina at Chapel Hill 1
TOP OF THE 3RD
Rice University Owls batting - Pitching for University of North Carolina at Chapel Hill Tar Heels : RHP Ted Hurley
Batting: RHB Caleb Mercer 0-0: Foul Ball, location: 2F
0-1: Called Strike
0-2: SOLO HOME RUN (Flyball, 7LD, EV 96.2 MPH), Distance : 369 ft
Batting: RHB Javier Quinones 0-0: Foul Ball, location: 2F
0-1: DOUBLE (Line Drive, 78D, EV 90.6 MPH)
Batting: SHB Ken Wilson 0-0: Foul Ball, location: 2F
0-1: Ball
1-1: Ball
2-1: Foul Ball, location: 2F
2-2: Strikes out swinging
Batting: LHB Sergio Becerra 0-0: 2-RUN HOME RUN (Flyball, 9D, EV 105.6 MPH), Distance : 411 ft
Batting: SHB Dave Van Sickle 0-0: Called Strike
0-1: Swinging Strike
0-2: Ball
1-2: Ball
2-2: Ball
3-2: Strikes out swinging
Batting: RHB Neil Worth 0-0: Called Strike
0-1: Ball
1-1: Ball
2-1: Foul Ball, location: 2F
2-2: Ball
3-2: Fly out, F3 (Popup, 34S, EV 85.6 MPH)
Top of the 3rd over - 3 runs, 3 hits, 0 errors, 0 left on base; Rice University 4 - University of North Carolina at Chapel Hill 1
BOTTOM OF THE 3RD
University of North Carolina at Chapel Hill Tar Heels batting - Pitching for Rice University Owls : LHP Lucila Renteria
Batting: RHB Brandon Wilson 0-0: Ball
1-0: Ball
2-0: Ball
3-0: Called Strike
3-1: Ground out U3 (Groundball, 3, EV 100.6 MPH)
Batting: SHB Ryan Marsh 0-0: Called Strike
0-1: Ball
1-1: Foul Ball, location: 2F
1-2: Ground out 6-3 (Groundball, 6, EV 90.6 MPH)
Batting: RHB Bill Atley 0-0: Ball
1-0: DOUBLE (Line Drive, 9LS, EV 100.6 MPH)
Batting: RHB Michael Houseman 0-0: Called Strike
0-1: SINGLE (Groundball, 34D, EV 110.6 MPH)
Bill Atley to third
Runner from 3rd tries for Home, throw by RF and OUT! 9-2
Bottom of the 3rd over - 0 runs, 2 hits, 0 errors, 1 left on base; Rice University 4 - University of North Carolina at Chapel Hill 1
TOP OF THE 4TH
Rice University Owls batting - Pitching for University of North Carolina at Chapel Hill Tar Heels : RHP Ted Hurley
Pitching: RHP Bobby Franco
Batting: RHB Alex Alvarez 0-0: Called Strike
0-1: Called Strike
0-2: Ball
1-2: Ball
2-2: Strikes out swinging
Batting: LHB Aldred Lieshout 0-0: Ball
1-0: Called Strike
1-1: Foul Ball, location: 2F
1-2: Strikes out swinging
Batting: RHB Emanuel Pulido 0-0: Ball
1-0: Ball
2-0: SINGLE (Groundball, 4MD, EV 103.8 MPH)
Batting: RHB Caleb Mercer 0-0: Swinging Strike
0-1: Called Strike
0-2: Ball
1-2: Strikes out swinging
Top of the 4th over - 0 runs, 1 hit, 0 errors, 1 left on base; Rice University 4 - University of North Carolina at Chapel Hill 1
BOTTOM OF THE 4TH
University of North Carolina at Chapel Hill Tar Heels batting - Pitching for Rice University Owls : LHP Lucila Renteria
Batting: RHB Jeremy Rollins 0-0: Foul Ball, location: 2F
0-1: Foul Ball, location: 2F
0-2: Ball
1-2: Strikes out swinging
Batting: SHB Jonathan Barrie 0-0: Ball
1-0: Ball
2-0: Fly out, F7 (Flyball, 78M, EV 90.6 MPH)
Batting: SHB Jim Saxon 0-0: Ball
1-0: Ball
2-0: Ball
3-0: Base on Balls
Pitching: LHP Bill Cheatham
Batting: RHB Tony Jennings 0-0: Ball
1-0: Called Strike
1-1: Swinging Strike
1-2: Strikes out swinging
Bottom of the 4th over - 0 runs, 0 hits, 0 errors, 1 left on base; Rice University 4 - University of North Carolina at Chapel Hill 1
TOP OF THE 5TH
Rice University Owls batting - Pitching for University of North Carolina at Chapel Hill Tar Heels : RHP Bobby Franco
Batting: RHB Javier Quinones 0-0: Ball
1-0: Called Strike
1-1: Called Strike
1-2: Foul Ball, location: 2F
1-2: Foul Ball, location: 2F
1-2: Foul Ball, location: 2F
1-2: Strikes out swinging
Batting: SHB Ken Wilson 0-0: Ball
1-0: Swinging Strike
1-1: Foul Ball, location: 2F
1-2: Ball
2-2: Foul Ball, location: 2F
2-2: Ground out U3 (Groundball, 3L, EV 91.9 MPH)
Batting: LHB Sergio Becerra 0-0: Ball
1-0: Ball
2-0: Foul Ball, location: 2F
2-1: Foul Ball, location: 2F
2-2: Ball
3-2: Strikes out looking
Top of the 5th over - 0 runs, 0 hits, 0 errors, 0 left on base; Rice University 4 - University of North Carolina at Chapel Hill 1
BOTTOM OF THE 5TH
University of North Carolina at Chapel Hill Tar Heels batting - Pitching for Rice University Owls : LHP Bill Cheatham
Batting: LHB Juan Alvarado 0-0: Ball
1-0: Swinging Strike
1-1: Called Strike
1-2: Ball
2-2: Foul Ball, location: 2F
2-2: Strikes out swinging
Batting: RHB Brandon Wilson 0-0: Called Strike
0-1: Fly out, F8 (Line Drive, 8RM, EV 91.9 MPH)
Batting: SHB Ryan Marsh 0-0: Called Strike
0-1: Called Strike
0-2: Ball
1-2: Ball
2-2: SINGLE (Flyball, 4D, EV 83.1 MPH)
Batting: RHB Bill Atley 0-0: Foul Ball, location: 2F
0-1: Ball
1-1: Ball
2-1: Foul Ball, location: 2F
2-2: Ball
3-2: Base on Balls
Ryan Marsh to second
Batting: RHB Michael Houseman 0-0: Foul Ball, location: 2F
0-1: Ball
1-1: Ball
2-1: Foul Ball, location: 2F
2-2: Ball
3-2: Foul Ball, location: 2F
3-2: Foul Ball, location: 2F
3-2: Base on Balls
Ryan Marsh to third
Bill Atley to second
Pitching: LHP Joe Fleury
Batting: RHB Jeremy Rollins 0-0: Ball
1-0: Ball
2-0: Ball
3-0: Called Strike
3-1: Foul Ball, location: 2F
3-2: SINGLE (Groundball, 34, EV 98.8 MPH)
Ryan Marsh scores
Bill Atley to third
Michael Houseman to second
Bill Atley scores
Michael Houseman to third
Batting: SHB Jonathan Barrie 0-0: Ball
1-0: Swinging Strike
1-1: Ball
2-1: Ball
3-1: Swinging Strike
3-2: Fly out, F8 (Flyball, 78M, EV 90.0 MPH)
Bottom of the 5th over - 2 runs, 2 hits, 0 errors, 2 left on base; Rice University 4 - University of North Carolina at Chapel Hill 3
TOP OF THE 6TH
Rice University Owls batting - Pitching for University of North Carolina at Chapel Hill Tar Heels : RHP Bobby Franco
Pinch Hitting: RHB Jose Soto 0-0: Ball
1-0: Ball
2-0: Ball
3-0: Called Strike
3-1: Swinging Strike
3-2: Fly out, F9 (Flyball, 9S, EV 88.8 MPH)
Pitching: RHP C.J. Dombrowski
Pinch Hitting: SHB Wendel van Baal 0-0: Ball
1-0: Called Strike
1-1: Swinging Strike
1-2: Strikes out swinging
Pinch Hitting: RHB Allen Jarvis 0-0: Ball
1-0: Ground out 6-3 (Groundball, 6, EV 84.4 MPH)
Top of the 6th over - 0 runs, 0 hits, 0 errors, 0 left on base; Rice University 4 - University of North Carolina at Chapel Hill 3
BOTTOM OF THE 6TH
University of North Carolina at Chapel Hill Tar Heels batting - Pitching for Rice University Owls : LHP Joe Fleury
Pitching: RHP Kenny Kirk
Now at 1B: Nick Biel
Now at 2B: Emanuel Pulido
Now at SS: Allen Jarvis
Now in LF: Caleb Mercer
Now in CF: Chris Gonzales
Batting: SHB Jim Saxon 0-0: Ball
1-0: Swinging Strike
1-1: Called Strike
1-2: Foul Ball, location: 2F
1-2: Ball
2-2: Ball
3-2: Base on Balls
Batting: RHB Tony Jennings 0-0: Called Strike
0-1: Ball
1-1: Ball
2-1: Foul Ball, location: 2F
2-2: Strikes out looking
Batting: LHB Juan Alvarado 0-0: Called Strike
0-1: SINGLE (Flyball, 6D, EV 92.5 MPH)
Jim Saxon to second
Batting: RHB Brandon Wilson 0-0: Called Strike
0-1: Swinging Strike
0-2: Strikes out looking
Batting: SHB Ryan Marsh 0-0: Called Strike
0-1: Foul Ball, location: 2LF, Error on foul ball, E2
0-2: Ball
1-2: Ball
2-2: Fly out, F8 (Flyball, 8RM, EV 96.2 MPH)
Bottom of the 6th over - 0 runs, 1 hit, 1 error, 2 left on base; Rice University 4 - University of North Carolina at Chapel Hill 3
TOP OF THE 7TH
Rice University Owls batting - Pitching for University of North Carolina at Chapel Hill Tar Heels : RHP C.J. Dombrowski
Batting: LHB Aldred Lieshout 0-0: Foul Ball, location: 2F
0-1: Ground out 4-3 (Groundball, 4, EV 82.5 MPH)
Batting: RHB Emanuel Pulido 0-0: Ball
1-0: Ball
2-0: Ball
3-0: Called Strike
3-1: Fly out, F9 (Flyball, 89M, EV 86.2 MPH)
Batting: RHB Caleb Mercer 0-0: Fly out, F9 (Line Drive, 89M, EV 89.4 MPH)
Top of the 7th over - 0 runs, 0 hits, 0 errors, 0 left on base; Rice University 4 - University of North Carolina at Chapel Hill 3
BOTTOM OF THE 7TH
University of North Carolina at Chapel Hill Tar Heels batting - Pitching for Rice University Owls : RHP Kenny Kirk
Pitching: LHP Jose Ruiz
Batting: RHB Bill Atley 0-0: Ball
1-0: Foul Ball, location: 2F
1-1: Foul Ball, location: 2F
1-2: Foul Ball, location: 2F
1-2: Foul Ball, location: 2F
1-2: Strikes out swinging
Batting: RHB Michael Houseman 0-0: DOUBLE (Line Drive, 9LS, EV 98.8 MPH)
Batting: RHB Jeremy Rollins 0-0: Called Strike
0-1: Ball
1-1: Ball
2-1: Foul Ball, location: 2F
2-2: Foul Ball, location: 2F
2-2: Ball
3-2: Strikes out swinging
Batting: SHB Jonathan Barrie 0-0: Ball
1-0: Ball
2-0: Ball
Wild Pitch!
Michael Houseman to third
3-0: Base on Balls
Batting: SHB Jim Saxon 0-0: Foul Ball, location: 2F
0-1: Ball
1-1: Ball
2-1: Ball
3-1: Swinging Strike
3-2: Foul Ball, location: 2F
3-2: Foul Ball, location: 2F
3-2: Fly out, F7 (Flyball, 7D, EV 95.6 MPH)
Bottom of the 7th over - 0 runs, 1 hit, 0 errors, 2 left on base; Rice University 4 - University of North Carolina at Chapel Hill 3
TOP OF THE 8TH
Rice University Owls batting - Pitching for University of North Carolina at Chapel Hill Tar Heels : RHP C.J. Dombrowski
Pitching: RHP Alex Aldaya
Batting: RHB Javier Quinones 0-0: Called Strike
0-1: Swinging Strike
0-2: Strikes out swinging
Batting: SHB Ken Wilson 0-0: Called Strike
0-1: Swinging Strike
0-2: Ball
1-2: Ball
2-2: Ball
3-2: Ground out 6-3 (Groundball, 4MD, EV 79.4 MPH)
Batting: LHB Sergio Becerra 0-0: Called Strike
0-1: Swinging Strike
0-2: Foul Ball, location: 2F
0-2: Ball
1-2: Ball
2-2: Strikes out looking
Top of the 8th over - 0 runs, 0 hits, 0 errors, 0 left on base; Rice University 4 - University of North Carolina at Chapel Hill 3
BOTTOM OF THE 8TH
University of North Carolina at Chapel Hill Tar Heels batting - Pitching for Rice University Owls : LHP Jose Ruiz
Pitching: RHP Manny Herrera
Batting: RHB Tony Jennings 0-0: Called Strike
0-1: Ball
1-1: Ball
2-1: Fly out, F8 (Flyball, 8RD, EV 100.6 MPH)
Batting: LHB Juan Alvarado 0-0: Called Strike
0-1: Ball
1-1: Foul Ball, location: 2F
1-2: Ball
2-2: Ball
3-2: Strikes out swinging
Batting: RHB Brandon Wilson 0-0: Called Strike
0-1: Swinging Strike
0-2: Ground out 6-3 (Groundball, 6S, EV 80.0 MPH)
Bottom of the 8th over - 0 runs, 0 hits, 0 errors, 0 left on base; Rice University 4 - University of North Carolina at Chapel Hill 3
TOP OF THE 9TH
Rice University Owls batting - Pitching for University of North Carolina at Chapel Hill Tar Heels : RHP Alex Aldaya
Pitching: RHP Berry Dow
Batting: LHB Chris Gonzales 0-0: Called Strike
0-1: Ball
1-1: Foul Ball, location: 2F
1-2: Ball
2-2: Ball
3-2: Strikes out swinging
Pinch Hitting: RHB Bill Turcotte 0-0: Ball
1-0: Ball
2-0: Ball
3-0: Called Strike
3-1: SINGLE (Line Drive, 8RS, EV 97.5 MPH)
Batting: RHB Allen Jarvis 0-0: Called Strike
0-1: Ball
1-1: SINGLE (Flyball, 5D, EV 82.5 MPH)
Bill Turcotte to second
Pinch Hitting: SHB Steve Wipf 0-0: Called Strike
0-1: Foul Ball, location: 2F
0-2: Ball
1-2: Grounds into double play, 3-6-3 (Groundball, 3, EV 98.1 MPH)
Top of the 9th over - 0 runs, 2 hits, 0 errors, 1 left on base; Rice University 4 - University of North Carolina at Chapel Hill 3
BOTTOM OF THE 9TH
University of North Carolina at Chapel Hill Tar Heels batting - Pitching for Rice University Owls : RHP Manny Herrera
Pitching: RHP Ben Filippone
Now at C: Steve Wipf
Now at 1B: Bill Turcotte
Batting: SHB Ryan Marsh 0-0: Ball
1-0: SINGLE (Groundball, 6, EV 99.4 MPH)
Batting: RHB Bill Atley 0-0: Called Strike
0-1: Ball
1-1: Called Strike
1-2: Foul Ball, location: 2F
Balk!
Ryan Marsh to second
1-2: SINGLE (Flyball, 89S, EV 96.2 MPH)
Ryan Marsh to third
Runner from 3rd tries for Home, SAFE, throw by RF to home
Batting: RHB Michael Houseman 0-0: Ball
1-0: Swinging Strike
1-1: Foul Ball, location: 2F
1-2: Strikes out swinging
Batting: RHB Jeremy Rollins 0-0: Ball
1-0: Called Strike
1-1: Called Strike
1-2: Foul Ball, location: 2F
1-2: Strikes out looking
Batting: SHB Jonathan Barrie 0-0: Ball
1-0: Ball
2-0: Swinging Strike
2-1: Called Strike
2-2: Ball
3-2: Foul Ball, location: 2F
3-2: Strikes out swinging
Bottom of the 9th over - 1 run, 2 hits, 0 errors, 1 left on base; Rice University 4 - University of North Carolina at Chapel Hill 4
TOP OF THE 10TH
Rice University Owls batting - Pitching for University of North Carolina at Chapel Hill Tar Heels : RHP Berry Dow
Pitching: RHP Jason Kaelber
Batting: RHB Emanuel Pulido 0-0: Called Strike
0-1: Ball
1-1: Called Strike
1-2: Strikes out swinging
DELAY Rain delay of 34 minutes in the 10th inning.
Batting: RHB Caleb Mercer 0-0: Called Strike
0-1: Ball
1-1: Foul Ball, location: 2F
1-2: Ball
2-2: Foul Ball, location: 2F
2-2: Foul Ball, location: 2F
2-2: Strikes out swinging
Pitching: LHP Andrew Lowe
Batting: RHB Javier Quinones 0-0: Called Strike
0-1: Called Strike
0-2: Ball
1-2: Foul Ball, location: 2F
1-2: Ball
2-2: Ball
3-2: Ground out 5-3 (Groundball, 56S, EV 69.4 MPH)
Top of the 10th over - 0 runs, 0 hits, 0 errors, 0 left on base; Rice University 4 - University of North Carolina at Chapel Hill 4
BOTTOM OF THE 10TH
University of North Carolina at Chapel Hill Tar Heels batting - Pitching for Rice University Owls : RHP Ben Filippone
Pitching: RHP Chris Hallman
Batting: SHB Jim Saxon 0-0: Ball
1-0: Called Strike
1-1: Ball
2-1: Swinging Strike
2-2: Foul Ball, location: 2F
2-2: Ball
3-2: Strikes out swinging
Batting: RHB Tony Jennings 0-0: Called Strike
0-1: Ball
1-1: Ball
2-1: Swinging Strike
2-2: Foul Ball, location: 2F
2-2: Strikes out swinging
Batting: LHB Juan Alvarado 0-0: Foul Ball, location: 2F
0-1: Ball
1-1: Called Strike
1-2: Strikes out swinging
Bottom of the 10th over - 0 runs, 0 hits, 0 errors, 0 left on base; Rice University 4 - University of North Carolina at Chapel Hill 4
TOP OF THE 11TH
Rice University Owls batting - Pitching for University of North Carolina at Chapel Hill Tar Heels : LHP Andrew Lowe
Batting: SHB Ken Wilson 0-0: Ball
1-0: Foul Ball, location: 2F
1-1: Foul Ball, location: 2F
1-2: Ball
2-2: Ball
3-2: Foul Ball, location: 2F
3-2: Foul Ball, location: 2F
3-2: Foul Ball, location: 2F
3-2: Fly out, F8 (Line Drive, 8RM, EV 94.4 MPH)
Batting: LHB Sergio Becerra 0-0: Called Strike
0-1: Ground out 3-1 (Groundball, 3D, EV 100.6 MPH)
Batting: LHB Chris Gonzales 0-0: Called Strike
0-1: Foul Ball, location: 2F
0-2: Ball
1-2: Ball
2-2: Ball
3-2: Foul Ball, location: 2F
3-2: Fly out, F5 (Popup, 5L, EV 66.9 MPH)
Top of the 11th over - 0 runs, 0 hits, 0 errors, 0 left on base; Rice University 4 - University of North Carolina at Chapel Hill 4
BOTTOM OF THE 11TH
University of North Carolina at Chapel Hill Tar Heels batting - Pitching for Rice University Owls : RHP Chris Hallman
Pitching: RHP Daniel Bushby
Batting: RHB Brandon Wilson 0-0: Ball
1-0: Foul Ball, location: 2F
1-1: Ball
2-1: Swinging Strike
2-2: Strikes out swinging
Batting: SHB Ryan Marsh 0-0: Called Strike
0-1: SINGLE (Groundball, P, EV 90.0 MPH) (infield hit)
Batting: RHB Bill Atley 0-0: Ball
1-0: Foul Ball, location: 2F
1-1: Ball
2-1: Fly out, F8 (Flyball, 8LS, EV 91.2 MPH)
Batting: RHB Michael Houseman 0-0: Ball
1-0: Foul Ball, location: 2F
1-1: Ball
2-1: Ball
3-1: Called Strike
3-2: Base on Balls
Ryan Marsh to second
Batting: RHB Jeremy Rollins 0-0: Ball
1-0: Ball
2-0: Ball
3-0: Called Strike
3-1: Foul Ball, location: 2F
3-2: Strikes out swinging
Bottom of the 11th over - 0 runs, 1 hit, 0 errors, 2 left on base; Rice University 4 - University of North Carolina at Chapel Hill 4
TOP OF THE 12TH
Rice University Owls batting - Pitching for University of North Carolina at Chapel Hill Tar Heels : LHP Andrew Lowe
Pitching: RHP Didier Pages
Batting: RHB Bill Turcotte 0-0: Foul Ball, location: 2F
0-1: SINGLE (Flyball, 4MD, EV 97.5 MPH)
Batting: RHB Allen Jarvis 0-0: Grounds into double play, 5-4-3 (Groundball, 56, EV 88.8 MPH)
Batting: SHB Steve Wipf 0-0: Called Strike
0-1: Ball
1-1: Foul Ball, location: 2F
1-2: Ball
2-2: SINGLE (Line Drive, 89S, EV 105.0 MPH)
Batting: RHB Emanuel Pulido 0-0: Ball
1-0: Ball
2-0: Ball
3-0: Called Strike
3-1: Fly out, F7 (Flyball, 78S, EV 83.8 MPH)
Top of the 12th over - 0 runs, 2 hits, 0 errors, 1 left on base; Rice University 4 - University of North Carolina at Chapel Hill 4
BOTTOM OF THE 12TH
University of North Carolina at Chapel Hill Tar Heels batting - Pitching for Rice University Owls : RHP Daniel Bushby
Pitching: LHP Mitchell Carter
Batting: SHB Jonathan Barrie 0-0: Foul Ball, location: 2F
0-1: SINGLE (Groundball, 56D, EV 106.9 MPH)
Batting: SHB Jim Saxon 0-0: Ball
1-0: Swinging Strike
1-1: Foul Ball, location: 2F
1-2: Foul Ball, location: 2F
1-2: Foul Ball, location: 2F
1-2: Ball
2-2: Fielders Choice at 2nd, 3-6 (Groundball, 3, EV 80.6 MPH)
Batting: RHB Tony Jennings 0-0: Swinging Strike
0-1: Called Strike
0-2: Foul Ball, location: 2F
0-2: Strikes out swinging
Batting: LHB Juan Alvarado 0-0: Called Strike
0-1: DOUBLE (Flyball, 8LXD, EV 94.4 MPH)
Jim Saxon to third
Pitching: RHP Michael Benford
Batting: RHB Brandon Wilson 0-0: Called Strike
0-1: Called Strike
0-2: Strikes out swinging
Bottom of the 12th over - 0 runs, 2 hits, 0 errors, 2 left on base; Rice University 4 - University of North Carolina at Chapel Hill 4
TOP OF THE 13TH
Rice University Owls batting - Pitching for University of North Carolina at Chapel Hill Tar Heels : RHP Didier Pages
Pitching: RHP Vince Sumpter
Batting: RHB Caleb Mercer 0-0: Ball
1-0: Hit by Pitch
Batting: RHB Javier Quinones 0-0: Fly out, F8 (Line Drive, 8RS, EV 100.0 MPH)
Batting: SHB Ken Wilson 0-0: Foul Ball, location: 2F
0-1: Swinging Strike
0-2: Strikes out swinging
Batting: LHB Sergio Becerra 0-0: Ball
1-0: Called Strike
1-1: Fly out, F7 (Flyball, 78D, EV 106.2 MPH)
Top of the 13th over - 0 runs, 0 hits, 0 errors, 1 left on base; Rice University 4 - University of North Carolina at Chapel Hill 4
BOTTOM OF THE 13TH
University of North Carolina at Chapel Hill Tar Heels batting - Pitching for Rice University Owls : RHP Michael Benford
Batting: SHB Ryan Marsh 0-0: Ball
1-0: SINGLE (Line Drive, 89S, EV 91.2 MPH)
Batting: RHB Bill Atley 0-0: Ball
1-0: Ball
2-0: Foul Ball, location: 2F
2-1: Sac Bunt to 23 - play at first, batter OUT! 3-4
Ryan Marsh to second
Batting: RHB Michael Houseman 0-0: Ball
1-0: Ball
2-0: Ball
3-0: Base on Balls
Batting: RHB Jeremy Rollins 0-0: Ball
1-0: Ball
2-0: SINGLE (Line Drive, 9, EV 88.8 MPH)
Ryan Marsh to third
Michael Houseman to second
Batting: SHB Jonathan Barrie 0-0: Ball
1-0: Foul Ball, location: 2F
1-1: Ball
2-1: Fly out, F9 (Line Drive, 9, EV 101.2 MPH)
Runner from 3rd tags up, SCORES, no throw by RF
Bottom of the 13th over - 1 run, 2 hits, 0 errors, 2 left on base; Rice University 4 - University of North Carolina at Chapel Hill 5
Tuesday, March 28th , 2023 - OOTP Baseball 23.10 Build 110